 Dungeon Crawl Stone Soup version 0.28-a0-533-g9f97627e2a (webtiles) character file.

Game seed: 9373232547253107715

256 speeev33 the Covered (level 6, -3/40 HPs)
             Began as a Gargoyle Fighter on Sept 25, 2021.
             Killed by divine providence
             ... invoked by an orc priest
              (15 damage)
             ... on level 3 of the Dungeon.
             The game lasted 00:02:25 (3162 turns).

speeev33 the Covered (Gargoyle Fighter)             Turns: 3162, Time: 00:02:25

Health: -3/40      AC: 12    Str: 21    XL:     6   Next: 16%
Magic:  6/6        EV:  9    Int:  9    God:
Gold:   88         SH:  4    Dex:  9    Spells: 5/5 levels left

rFire   . . .      SeeInvis .   a - +0 flail
rCold   . . .      Faith    .   c - +0 buckler
rNeg    + . .      Spirit   .   b - +0 scale mail
rPois   ∞          Reflect  .   (no helmet)
rElec   +          Harm     .   (no cloak)
rCorr   .          Rampage  .   f - +0 pair of gloves
Will    .....                   (no boots)
Stlth   ..........              (no amulet)
HPRegen 0.13/turn               (no ring)
MPRegen 0.10/turn               (no ring)

@: no status effects
A: sickness immunity, AC +4, negative energy resistance 1, electricity
resistance, torment resistance 1, petrification resistance
a: no special abilities


You were on level 3 of the Dungeon.
You visited 1 branch of the dungeon, and saw 3 of its levels.

You collected 88 gold pieces.

Inventory:

Hand Weapons
 a - a +0 flail (weapon)
Armour
 b - a +0 scale mail (worn)
 c - a +0 buckler (worn)
 f - a +0 pair of gloves (worn)
Jewellery
 k - a ring of ice
Scrolls
 h - a scroll of magic mapping
Potions
 d - a potion of attraction {unknown}
 e - a potion of curing
 i - a potion of resistance {unknown}
 j - a potion of cancellation {unknown}


   Skills:
 + Level 4.8 Fighting
 + Level 3.7 Maces & Flails
 + Level 4.8 Armour
 - Level 4.0 Shields


You had 5 spell levels left.
You didn't know any spells.
Your spell library contained the following spells:

 Spells                   Type           Power      Damage    Failure   Level
 Animate Skeleton         Necr           0%         N/A       71%         1
 Apportation              Tloc           0%         N/A       71%         1
 Summon Small Mammal      Summ           0%         N/A       71%         1
 Petrify                  Tmut/Erth      0%         N/A       100%        4
 Irradiate                Conj/Tmut      0%         3d13      100%        5
 Sublimation of Blood     Necr           Unusable   N/A       N/A         2

Dungeon Overview and Level Annotations

Branches:
Dungeon (3/15)

Altars:


Innate Abilities, Weirdness & Mutations

You are immune to sickness and miasma.
Your stone body is resilient. (AC +4)
You are immune to poison.
You resist negative energy. (rN+)
You are resistant to electric shocks. (rElec)
You are resistant to unholy torment.
You are immune to petrification.


Message History

You are too injured to fight recklessly!
You are too injured to fight recklessly!
You are too injured to fight recklessly!
You are too injured to fight recklessly!
You are too injured to fight recklessly!
You are too injured to fight recklessly!
You are too injured to fight recklessly!
You are too injured to fight recklessly!
You are too injured to fight recklessly!
You are too injured to fight recklessly!
You are too injured to fight recklessly!
The orc priest mumbles some strange prayers to Beogh against you.
Pain shoots through your body!
A frilled lizard comes into view.
The orc priest hits you with a +0 short sword.
* * * LOW HITPOINT WARNING * * *
You barely miss the orc priest. The orc priest completely misses you.
You hit the orc priest but do no damage.
The orc priest hits you but does no damage.
You closely miss the orc priest. You block the orc priest's attack.
The orc priest hits you but does no damage.
You barely miss the orc priest.
The orc priest miscasts a cantrip.
You closely miss the orc priest. The orc priest closely misses you.
You closely miss the orc priest.
The orc priest hits you but does no damage.
You hit the orc priest.
The orc priest is moderately wounded.
The orc priest barely misses you.
You completely miss the orc priest.
The orc priest is moderately wounded.
You block the orc priest's attack. The orc priest completely misses you.
You thump the orc priest!
The orc priest is almost dead.
The orc priest hits you but does no damage.
You barely miss the orc priest.
The orc priest is almost dead.
The orc priest mumbles some strange prayers to Beogh against you.
Beogh smites you!
You die...

#. #.. #.# ###.###.) #.#
......... #.# ##.###.. #.#
#.# ######.....# #.. ...
........#### #.# #l#
#######.# #.#
#o###########.# #.#
#@##........<.# #.#
#.##.##########
#.#####.###.##.# ###
#...........##)# ########..
#######.######)####........#
#.# #...).)..###### #.#
######.#.# #.# #.#.# ### #.#
#.#.# #..


You could see an orc priest and a frilled lizard.

Vanquished Creatures
  An ogre (D:3)
  A bullfrog skeleton (D:2)
  2 orc wizards (D:3)
  An adder (D:2)
  A worm (D:2)
  A dart slug (D:1)
  10 orcs (D:3)
  3 ball pythons
  10 endoplasms
  5 giant cockroaches
  5 goblins
  3 hobgoblins
  4 quokkas
  4 bats
  5 frilled lizards
  2 kobolds
  8 rats
66 creatures vanquished.

Notes
Turn   | Place    | Note
-------+----------+-------------------------------------------
     0 | D:1      | speeev33 the Gargoyle Fighter began the quest for the Orb.
     0 | D:1      | Reached XP level 1. HP: 14/14 MP: 1/1
    92 | D:1      | Reached XP level 2. HP: 10/19 MP: 2/2
   610 | D:1      | Found a faded altar of an unknown god.
  1041 | D:1      | Reached XP level 3. HP: 23/23 MP: 3/3
  1295 | D:2      | Reached XP level 4. HP: 16/29 MP: 4/4
  2562 | D:3      | Reached XP level 5. HP: 29/33 MP: 5/5
  2667 | D:3      | Noticed an ogre
  2672 | D:3      | Killed an ogre
  2718 | D:3      | Reached XP level 6. HP: 37/39 MP: 6/6
  3162 | D:3      | Killed from afar by an orc priest

Illustrated notes

Levels and vault maps discovered:
D:1:      minmay_arrival_diagonal_passages, layout_basic,
          shapermc_ecumenical_altar_totnotflames
D:2:      layout_loops_corners, grunt_ministairs_8
D:3:      layout_loops_ring, item_on_display_a

Skill      XL: |  1  2  3  4 |
---------------+-------------+-----
Armour         | 4 |  4.8
Fighting       | 4 |  4.8
Shields        | 4 |  4.0
Maces & Flails | 3 |  3.7

Action                   |  1- 3 |  4- 6 || total
-------------------------+-------+-------++-------
Melee: Flail             |   103 |   144 ||   247
  Use: Scroll            |       |     2 ||     2
       Potion            |       |     1 ||     1
Armor: Scale mail        |    49 |    66 ||   115
Dodge: Dodged            |    45 |    65 ||   110
Block: Buckler           |    14 |    33 ||    47

Table legend: (Time is in decaauts)
 A = Elapsed time spent in this place.
 B = Non-inter-level travel time spent in this place.
 C = Inter-level travel time spent in this place.
 D = Time resting spent in this place.
 E = Time spent auto-exploring this place.
 F = Levels seen in this place.
 G = Mean time per level.
                   A        B        C        D        E       F      G
               +--------+--------+--------+--------+--------+-----+--------+
         Total |   3226 |   3161 |     65 |    279 |   2345 |   3 | 1075.3 |
       Dungeon |   3226 |   3161 |     65 |    279 |   2345 |   3 | 1075.3 |
               +--------+--------+--------+--------+--------+-----+--------+

Top non-repeatable levels by time:
     D:1: 1217 daAuts
     D:2: 1176 daAuts
     D:3: 832 daAuts
